 Dungeon Crawl Stone Soup version 0.17-a0-1949-g1acca9a (webtiles) character file.

163 Ordine the Twirler (level 5, -2/42 HPs)
             Began as a Minotaur Gladiator on Oct 2, 2015.
             Killed by nerve-wracking pain
             ... invoked by an orc priest
              (8 damage)
             ... on level 3 of the Dungeon.
             The game lasted 00:04:39 (1454 turns).

Ordine the Twirler (Minotaur Gladiator)             Turns: 1454, Time: 00:04:40

Health: -2/42      AC:  9    Str: 19    XL:     5   Next: 20%
Magic:  4/4        EV: 12    Int:  5    God:
Gold:   173        SH:  0    Dex: 12    Spells: 0 memorised, 4 levels left

rFire  . . .     SeeInvis .     a - +1 quarterstaff
rCold  . . .     Clarity  .     b - +1 leather armour
rNeg   . . .     SustAt   .     (no shield)
rPois  .         Gourm    .     c - +0 hat
rElec  .         Spirit   .     (no cloak)
rCorr  .         Warding  .     m - +0 pair of gloves
rMut   .         Stasis   .     (no boots)
MR     .....                    (no amulet)
Stlth  +.........               (no ring)
                                n - +4 ring of protection

@: not resistant to hostile enchantments, very unstealthy
A: retaliatory headbutt, horns 2
a: no special abilities


You were on level 3 of the Dungeon.
You were not hungry.

You visited 1 branch of the dungeon, and saw 3 of its levels.

You collected 173 gold pieces.

Inventory:

Hand weapons
 a - a +1 quarterstaff (weapon)
Missiles
 d - 3 throwing nets (quivered)
Armour
 b - a +1 leather armour (worn)
 c - a +0 hat (worn)
 m - a +0 pair of gloves (worn)
Jewellery
 n - a +4 ring of protection (left hand)
Magical devices
 g - a wand of magic darts (48)
 q - a wand of fire (12)
Scrolls
 o - a scroll of teleportation
Potions
 j - a potion of brilliance
 p - a potion of poison {unknown}
 r - a potion of heal wounds {unknown}
Comestibles
 e - a bread ration
 f - 8 chunks of flesh
 h - a slice of pizza


   Skills:
 - Level 2.4 Fighting
 + Level 7.2 Staves
 - Level 2.0 Throwing
 - Level 3.2 Dodging


You had 4 spell levels left.
You didn't know any spells.

Dungeon Overview and Level Annotations

Branches:
Dungeon (3/15)

Altars:


Innate Abilities, Weirdness & Mutations

You reflexively headbutt those who attack you in melee.
You have a pair of horns on your head.


Message History

You hit the orc priest but do no damage.
You headbutt the orc priest, but do no damage.
The orc priest is almost dead.
The orc priest barely misses you. You furiously retaliate!
You headbutt the orc priest, but do no damage.
You closely miss the orc priest. Your headbutt misses the orc priest.
The orc priest is almost dead.
The orc priest hits you but does no damage.
The orc priest mumbles some strange prayers to Beogh against you.
Pain shoots through your body!
* * * LOW HITPOINT WARNING * * *
You hit the orc priest but do no damage.
You headbutt the orc priest.
The orc priest is almost dead.
The orc priest hits you but does no damage. x2
You barely miss the orc priest.
The orc priest is almost dead.
The orc priest calls down the wrath of Beogh upon you.
Pain shoots through your body!
You die...

#........## #.##...####
#.# #......# #.#
##..##.# #.#
#.###...... ## #.#
#....<###.# ##.###.#
#######.#.#
####...##.########....#
+.....@................
####..oo......####....#
##.#)#.###.# ##...#
#..)..# #.# #.###
#.#.### #.# #†... #.#.#
#.# #.### #.#.# #.# #.#
#.#.. ..# #.### ..###
### #....


You could see 2 orc priests.

Vanquished Creatures
  An orc wizard (D:3)
  Jessica (D:2)
  Robin (D:2)
  An adder (D:1)
  An ooze (D:1)
  6 giant geckos
  6 orcs (D:3)
  5 bats
  4 giant cockroaches (D:1)
  10 goblins
  14 hobgoblins
  4 jackals (D:2)
  2 quokkas (D:2)
  A ball python (D:3)
  2 giant newts (D:1)
  3 kobolds
  4 rats
66 creatures vanquished.

Notes
Turn   | Place    | Note
--------------------------------------------------------------
     0 | D:1      | Ordine the Minotaur Gladiator began the quest for the Orb.
     0 | D:1      | Reached XP level 1. HP: 18/18 MP: 0/0
   289 | D:1      | Reached skill level 4 in Staves
   355 | D:1      | Reached XP level 2. HP: 25/25 MP: 1/1
   409 | D:1      | Reached skill level 5 in Staves
   419 | D:1      | Reached XP level 3. HP: 22/30 MP: 2/2
   878 | D:2      | Noticed Robin
   893 | D:2      | Killed Robin
   897 | D:2      | Reached XP level 4. HP: 20/37 MP: 3/3
   927 | D:2      | Reached skill level 6 in Staves
  1081 | D:2      | Noticed Jessica
  1090 | D:2      | Killed Jessica
  1356 | D:3      | Reached skill level 7 in Staves
  1356 | D:3      | Reached XP level 5. HP: 38/42 MP: 4/4
  1442 | D:3      | HP: 2/42 [orc priest/nerve-wracking pain (1)]
  1454 | D:3      | Killed from afar by an orc priest

Vault maps used:
D:1:      dpeg_arrival_chase
D:2:      minmay_misc_feat_iff, uniq_jessica, uniq_robin
D:3:      first_bread, nicolae_underground_beach

Action                   |  1- 3 |  4- 6 || total
-------------------------+-------+-------++-------
Melee: Quarterstaff      |    80 |    70 ||   150
  Use: Scroll            |     5 |     6 ||    11
       Potion            |       |     3 ||     3
  Eat: Chunk             |       |     2 ||     2
